 Dungeon Crawl Stone Soup version 0.29.1-2-gbd0b4ee654 (webtiles) character file.

Game seed: 11082960389754024870

228 Anriel the Chiller (level 5, 0/38 HPs)
             Began as a Demigod Ice Elementalist on Nov 30, 2022.
             Slain by a mummy (15 damage)
             ... in an ossuary.
             The game lasted 00:26:00 (3915 turns).

Anriel the Chiller (Demigod Ice Elementalist)       Turns: 3915, Time: 00:26:00

Health: 0/38       AC: 10    Str:  9    XL:     5   Next: 42%
Magic:  8/11       EV: 12    Int: 21    God:
Gold:   142        SH:  0    Dex: 14    Spells: 1/8 levels left

rFire   . . .      SeeInvis .   k - +0 dagger
rCold   + . .      Faith    .   (no shield)
rNeg    . . .      Spirit   .   n - +1 leather armour {rF+}
rPois   .          Reflect  .   (no helmet)
rElec   .          Harm     .   (no cloak)
rCorr   .          Rampage  .   d - +0 pair of gloves
Will    .....                   (no boots)
Stlth   ++........              (no amulet)
HPRegen 0.12/turn               i - ring of ice
MPRegen 0.12/turn               (no ring)

@: ice-armoured
A: high MP 1, forlorn, divine attributes
a: no special abilities


You were in an ossuary.
You visited 1 branch of the dungeon, and saw 4 of its levels.
You also visited: Ossuary.

You collected 142 gold pieces.

Inventory:

Hand Weapons
 k - a +0 dagger (weapon)
Armour
 a - a +0 robe
 d - a +0 pair of gloves (worn)
 g - a +2 helmet
 n - a +1 leather armour of fire resistance (worn)
Jewellery
 i - a ring of ice (left hand)
Wands
 l - a wand of digging (4)
Scrolls
 e - 2 scrolls of identify
 j - a scroll of teleportation
Potions
 b - a potion of flight
 c - a potion of heal wounds
 f - 2 potions of lignification
 h - a potion of haste
 m - 2 potions of mutation


   Skills:
 + Level 0.2 Short Blades
 * Level 2.8 Dodging
 + Level 2.4 Stealth
 + Level 2.4 Spellcasting
 * Level 5.3 Ice Magic


You had one spell level left.
You knew the following spells:

 Your Spells              Type           Power      Damage    Failure   Level
a - Freeze                Ice            100%       1d11      2%          1
b - Ozocubu's Armour      Ice            37%        N/A       7%          3
c - Frozen Ramparts       Ice            74%        1d12      7%          3

Your spell library contained the following spells:

 Spells                   Type           Power      Damage    Failure   Level
 Hailstorm                Conj/Ice       20%        3d6       54%         4


Dungeon Overview and Level Annotations

Branches:
Dungeon (4/15)            Ossuary (1/1)
 Temple: D:4-7


Innate Abilities, Weirdness & Mutations

You have an increased reservoir of magic. (+10% MP)
You shall have no god before yourself.
Your divine heritage dramatically boosts your attributes as you level up.


Message History

You hit the mummy but do no damage.
The mummy is moderately damaged.
You hit the mummy but do no damage.
The mummy is moderately damaged.
The mummy hits you but does no damage.
You hit the mummy but do no damage.
The mummy is moderately damaged.
You hit the mummy but do no damage.
The mummy is moderately damaged.
The mummy completely misses you.
You hit the mummy.
The mummy is moderately damaged.
The mummy barely misses you.
You barely miss the mummy.
The mummy is moderately damaged.
You hit the mummy.
The mummy is heavily damaged.
The mummy barely misses you.
You hit the mummy.
The mummy is heavily damaged.
You hit the mummy but do no damage.
The mummy is heavily damaged.
The mummy hits you but does no damage.
You hit the mummy but do no damage.
The mummy is heavily damaged.
The mummy hits you!
You hit the mummy.
The mummy is severely damaged.
You hit the mummy.
The mummy is severely damaged.
The mummy hits you.
You barely miss the mummy.
The mummy is severely damaged.
You completely miss the mummy.
The mummy is severely damaged.
The mummy misses you.
You hit the mummy but do no damage.
The mummy is severely damaged.
The mummy hits you!
You die...

#....#
#....#
#....#
#....#
#....#
#....#
#....#
#.M..#
#.@∩.#
######


You could see a mummy.

Vanquished Creatures
  Natasha (thrice) (D:3)
  2 mummies (Ossuary)
  3 adders
  2 worms (D:3)
  3 dart slugs
  5 orcs
  9 bats
  8 endoplasms
  3 giant cockroaches
  8 goblins
  A hobgoblin (D:4)
  9 jackals (D:1)
  6 kobolds
  2 quokkas
  7 ball pythons
  3 frilled lizards
  2 hobgoblin zombies (Ossuary)
  3 kobold zombies (Ossuary)
  2 orc zombies (Ossuary)
  2 rats
83 creatures vanquished.

Notes
Turn   | Place    | Note
-------+----------+-------------------------------------------
     0 | D:1      | Anriel the Demigod Ice Elementalist began the quest for the
                  | Orb.
     0 | D:1      | Reached XP level 1. HP: 14/14 MP: 5/5
   497 | D:1      | Reached XP level 2. HP: 20/20 MP: 2/7
   678 | D:1      | Reached skill level 4 in Ice Magic
  1105 | D:1      | Reached XP level 3. HP: 22/26 MP: 5/8
  1112 | D:1      | Learned a level 3 spell: Ozocubu's Armour
  2467 | D:3      | Reached XP level 4. HP: 33/33 MP: 2/10
  2474 | D:3      | Learned a level 3 spell: Frozen Ramparts
  2992 | D:3      | Noticed Natasha
  2999 | D:3      | Killed Natasha
  3161 | D:3      | Noticed Natasha
  3166 | D:3      | Killed Natasha
  3275 | D:3      | Noticed Natasha
  3281 | D:3      | Killed Natasha
  3282 | D:3      | Reached skill level 5 in Ice Magic
  3282 | D:3      | Reached XP level 5. HP: 30/38 MP: 8/11
  3367 | D:4      | Found a sand-covered staircase.
  3459 | Ossuary  | Entered an ossuary
  3915 | Ossuary  | Slain by a mummy

Illustrated notes

Levels and vault maps discovered:
D:1:      lemuel_arrival_muddy, layout_basic
D:2:      layout_loops_corners, chequers_ecumenical_altar_twisty
D:3:      layout_basic, mainiacjoe_overflow_brackets,
          mainiacjoe_overflow_alcove_4, zin_statuary, nicolae_underground_beach,
          uniq_natasha
D:4:      layout_basic, mainiacjoe_overflow_alcove_2, temple_doors_cd,
          gammafunk_ghost_necromancy, nicolae_ossuary_entry_monument
Ossuary:  ossuary_tomb_3

Skill      XL: |  1  2  3  4 |
---------------+-------------+-----
Ice Magic      | 4 5 |  5.3
Dodging        | 2 |  2.8
Spellcasting   | 2 |  2.4
Stealth        | 2 |  2.4
Short Blades   | |  0.2

Action                   |  1- 3 |  4- 6 || total
-------------------------+-------+-------++-------
Melee: Dagger            |    16 |   122 ||   138
       Punch             |       |     1 ||     1
 Cast: Freeze            |    68 |    40 ||   108
       Ozocubu's Armour  |     1 |     6 ||     7
       Frozen Ramparts   |       |     3 ||     3
  Use: Scroll            |    11 |     3 ||    14
       Potion            |       |     2 ||     2
 Stab: Sleeping          |     8 |     2 ||    10
Armor: Robe              |    17 |     7 ||    24
       Leather armour    |       |    15 ||    15
Dodge: Dodged            |    34 |    61 ||    95
